AoeStats
← 队友打架我劝导

Arabia

510631316Analyzed
1v1 RM · 20h ago on Oct 1, 2026· 36m 4s· 2 players
Game mode
Random Map
Map size
Tiny (2 player)
Population
200
Speed
Normal
Resources
Standard
Victory
Conquest
Starting age
Dark Age
Ending age
Imperial Age
RankedLock teamsTeams togetherTeam positionsShared explorationLock speedFull tech treeHidden civsTurbo modeCheats
Victory
Defeat
🇨🇳 Magyars · China
1102
+16
1105
-16
erickisonduty
7:36 Loom
10:15 Feudal Age
12:25 Double-Bit Axe
13:20 Horse Collar
16:16 Wheelbarrow
21:01 Castle Age
19:26 Fletching
19:32 Gold Mining
21:57 Thumb Ring
21:48 Bodkin Arrow
22:13 Bow Saw
22:34 Husbandry
25:13 Ballistics
26:18 Heavy Plow
34:28 Padded Archer Armor
队友打架我劝导
10:05 Feudal Age
12:06 Forging
17:33 Loom
20:40 Castle Age
18:55 Double-Bit Axe
18:52 Horse Collar
19:33 Scale Mail Armor
20:28 Gold Mining
21:37 Chain Mail Armor
22:16 Iron Casting
22:05 Fletching
25:51 Wheelbarrow
25:02 Town Watch
26:02 Bodkin Arrow
31:53 Imperial Age
29:37 Scale Barding Armor
31:22 Chain Barding Armor
32:17 Husbandry
32:28 Bloodlines
33:55 Bracer
37:13 Blast Furnace
Connection lost

Rejoining the realm…

Still unreachable

The connection could not be restored.

Session expired

The server has moved on; the page needs a fresh start.